 Dungeon Crawl Stone Soup version 0.28.0 (webtiles) character file.

Game seed: 4111584075967981685

11 Host24 the Bolt Thrower (level 2, 0/19 HPs)
             Began as a Kobold Hunter on Feb 5, 2022.
             Frozen to death by an endoplasm (3 damage)
             ... on level 1 of the Dungeon.
             The game lasted 00:01:08 (464 turns).

Host24 the Bolt Thrower (Kobold Hunter)              Turns: 464, Time: 00:01:09

Health: 0/19       AC:  3    Str:  9    XL:     2   Next: 40%
Magic:  2/2        EV: 14    Int: 12    God:
Gold:   75         SH:  0    Dex: 15    Spells: 1/1 levels left

rFire   . . .      SeeInvis .   b - +0 short sword
rCold   . . .      Faith    .   (no shield)
rNeg    . . .      Spirit   .   c - +0 leather armour
rPois   .          Reflect  .   (no helmet)
rElec   .          Harm     .   (no cloak)
rCorr   .          Rampage  .   (no gloves)
Will    .....                   (no boots)
Stlth   +++.......              (no amulet)
HPRegen 0.06/turn               (no ring)
MPRegen 0.08/turn               (no ring)

@: no status effects
A: small, no large weapons, nightstalker 3
a: no special abilities


You were on level 1 of the Dungeon.
You visited 1 branch of the dungeon, and saw 1 of its levels.

You collected 75 gold pieces.

Inventory:

Hand Weapons
 a - a +1 hand crossbow
 b - a +0 short sword (weapon)
Missiles
 d - 20 bolts
 f - 4 large rocks
Armour
 c - a +0 leather armour (worn)
Potions
 e - 2 potions of heal wounds {unknown}
 g - a potion of curing {unknown}


   Skills:
 - Level 3.0 Fighting
 - Level 5.0 Crossbows
 + Level 2.4 Dodging
 - Level 1.3 Stealth


You had one spell level left.
You didn't know any spells.
Your spell library contained the following spells:

 Spells                   Type           Power      Damage    Failure   Level
 Blink                    Tloc           0%         N/A       56%         2
 Manifold Assault         Tloc           0%         N/A       100%        5
 Storm Form               Tmut/Air       0%         N/A       100%        7


Dungeon Overview and Level Annotations

Branches:
Dungeon (1/15)

Altars:


Innate Abilities, Weirdness & Mutations

You are small and have problems with some larger weapons.
You are completely attuned to the shadows.


Message History

You closely miss the ball python. The bat barely misses you.
The ball python misses you. The ball python grabs you.
The ball python constricts you. The endoplasm closely misses you.
The bat barely misses you. The ball python barely misses you.
The ball python constricts you.
You barely miss the ball python. The bat barely misses you.
The endoplasm hits you but does no damage.
The ball python barely misses you. The ball python constricts you.
You closely miss the ball python. The bat closely misses you.
The ball python closely misses you. The ball python constricts you.
The endoplasm freezes you.
You are frozen.
You hit the ball python.
The ball python is severely wounded.
The bat hits you. The ball python barely misses you.
The ball python constricts you. The endoplasm freezes you.
You are frozen.
You are too injured to fight recklessly!
You are too injured to fight recklessly!
You escape the ball python's grasp.
The bat closely misses you. The bat closely misses you.
The ball python bites you but does no damage.
The ball python barely misses you. The bat barely misses you.
You hit the ball python.
You kill the ball python!
The bat barely misses you.
The endoplasm hits you but does no damage.
You hit the endoplasm.
The endoplasm is moderately wounded.
The bat barely misses you. The endoplasm freezes you.
You are frozen.
* * * LOW HITPOINT WARNING * * *
You hit the endoplasm but do no damage.
The endoplasm is moderately wounded.
The endoplasm freezes you.
You are frozen.
You die...

#######..... .........
##..#### ..........
#####..##### .....$....
......##.... ###.........
......#..................
.........................
.....)#..................
..>...#..........J...>...
####............@b.......
...#.##.........##......#
#....#..........########
..#.............#
.#.......#####.##
.......#.. #.#
......#.#... [.#
.....#...#.. ...
#####.....##


You could see an endoplasm and a bat.

Vanquished Creatures
  A dart slug (D:1)
  An endoplasm (D:1)
  3 goblins (D:1)
  A hobgoblin (D:1)
  A ball python (D:1)
  A bat (D:1)
  A rat (D:1)
9 creatures vanquished.

Notes
Turn   | Place    | Note
-------+----------+-------------------------------------------
     0 | D:1      | Host24 the Kobold Hunter began the quest for the Orb.
     0 | D:1      | Reached XP level 1. HP: 12/12 MP: 1/1
    43 | D:1      | Reached skill level 5 in Crossbows
    98 | D:1      | Found a faded altar of an unknown god.
   241 | D:1      | Reached XP level 2. HP: 18/18 MP: 2/2
   464 | D:1      | Frozen to death by an endoplasm

Illustrated notes

Levels and vault maps discovered:
D:1:      scummos_arrival_star, layout_rooms,
          shapermc_ecumenical_altar_totnotflames

Skill      XL: |  1  2 |
---------------+-------+-----
Crossbows      | 5 |  5.0
Fighting       | 3 |  3.0
Dodging        | |  2.4
Stealth        | |  1.3

Action                   || total
-------------------------++-------
Melee: Short sword       ||    41
       Punch             ||     1
 Stab: Sleeping          ||     2
Armor: Leather armour    ||    12
Dodge: Dodged            ||    49
